 Dungeon Crawl Stone Soup version 0.29.1-debian-1-gc3f1650bb9 (webtiles) character file.

Game seed: 17233522950866119172

392 uselesstheremin the Ruffian (level 6, -2/61 HPs)
             Began as a Troll Berserker on Sept 12, 2022.
             Was a Believer of Trog.
             Killed by divine providence
             ... invoked by an orc priest
              (11 damage)
             ... on level 4 of the Dungeon.
             The game lasted 00:12:37 (2995 turns).

uselesstheremin the Ruffian (Troll Berserker)       Turns: 2995, Time: 00:12:38

Health: -2/61      AC:  4    Str: 28    XL:     6   Next: 50%
Magic:  5/5        EV: 10    Int:  3    God:    Trog [**....]
Gold:   254        SH:  0    Dex:  9    Spells: 5/5 levels left

rFire   . . .      SeeInvis .     - Unarmed
rCold   . . .      Faith    .   (no shield)
rNeg    . . .      Spirit   .   a - +0 animal skin
rPois   .          Reflect  .   (helmet restricted)
rElec   .          Harm     .   (no cloak)
rCorr   .          Rampage  .   (gloves unavailable)
Will    +....                   (boots unavailable)
Stlth   +.........              (no amulet)
HPRegen 1.00/turn               h - +4 ring of slaying
MPRegen 0.09/turn               j - ring of willpower

@: no status effects
A: large, unfitting armour, claws 3, regeneration 1, shaggy fur 1, tough skin 1
a: Renounce Religion, Berserk, Trog's Hand


You were on level 4 of the Dungeon.
You worshipped Trog.
Trog was pleased with you.
You visited 1 branch of the dungeon, and saw 4 of its levels.

You collected 254 gold pieces.

Inventory:

Armour
 a - a +0 animal skin (worn)
 b - a +0 cloak
 e - a +0 chain mail
 f - a +0 ring mail
 s - the +0 leather armour "Vuxkom" {rN+}
   (You found it on level 3 of the Dungeon)

   rN:        It protects you from negative energy.
Jewellery
 h - a +4 ring of slaying (left claw)
 j - a ring of willpower (right claw)
 m - a ring of resist corrosion
 v - a +6 ring of strength
Wands
 t - a wand of flame (16)
Scrolls
 c - 2 scrolls of vulnerability {unknown}
 d - a scroll of teleportation {unknown}
 i - a scroll of enchant armour {unknown}
 k - 3 scrolls of poison {unknown}
 l - a scroll of enchant weapon {unknown}
 n - a scroll of noise {unknown}
 p - 3 scrolls of identify {unknown}
 q - 3 scrolls of fear {unknown}
Potions
 g - a potion of heal wounds {unknown}
 o - a potion of might {unknown}
 r - a potion of attraction {unknown}
 u - a potion of resistance {unknown}


   Skills:
 + Level 3.1 Fighting
 + Level 3.8 Dodging
 + Level 0.6 Stealth
 + Level 5.7 Unarmed Combat


You had 5 spell levels left.
You didn't know any spells.
Your spell library was empty.

Dungeon Overview and Level Annotations

Branches:
Dungeon (4/15)
 Temple: D:4-7

Altars:
Ru
Xom
Yredelemnul
Zin

Shops:
D:1 *


Innate Abilities, Weirdness & Mutations

You are too large for most types of armour.
You have claws for hands.
Your natural rate of healing is unusually fast.
You are covered in fur. (AC +1)
You have tough skin. (AC +1)


Message History

Trog accepts your kill. The iguana bites you!
You closely miss the orc priest.
The orc priest is heavily wounded.
The orc priest hits you but does no damage.
The iguana bites you! The orc hits you with a +0 flail!
* * * LOW HITPOINT WARNING * * *
The orc priest attacks as you move away!
The orc priest barely misses you.
The orc priest mumbles some strange prayers to Beogh against you.
Pain shoots through your body!
* * * LOW HITPOINT WARNING * * *
The orc priest attacks as you move away!
The orc priest closely misses you.
The orc priest attacks as you move away!
The orc priest hits you with a +0 club.
* * * LOW HITPOINT WARNING * * *
The orc priest attacks as you move away!
The orc priest hits you with a +0 club.
* * * LOW HITPOINT WARNING * * *
The orc priest hits you with a +0 club.
* * * LOW HITPOINT WARNING * * *
The orc priest hits you with a +0 club.
* * * LOW HITPOINT WARNING * * *
The orc priest closely misses you.
The orc priest begins to cast a cantrip, but forgets the words!
The orc priest looks encouraged for a moment.
Found a twisted lead wand.
Found a sacrificial altar of Ru.
The hound bites you.
* * * LOW HITPOINT WARNING * * *
The hound attacks as you move away! The hound bites you.
* * * LOW HITPOINT WARNING * * *
The hound barely misses you. The hound attacks as you move away!
The hound closely misses you.
Found an encrusted ivory wand.
The hound bites you.
* * * LOW HITPOINT WARNING * * *
The orc priest mumbles some strange prayers to Beogh against you.
Beogh smites you!
You die...

#######.# #........
#####..≈≈≈...
#.....≈≈≈≈≈..
#.....≈≈_≈≈.#
#.....≈≈.≈≈.##
#.....≈≈.≈≈...
#/...@≈≈.≈≈.#
###.#h≈...≈.#
...#.≈.8.≈.#
###.#o./....# ..
#....l....###########
#..#.#.##o####
#.......##
#.....).....#
#.#####.#.
##.#.##.#.#
#.#####.#.
...#o##.#o#
#.##......


You could see an iguana, a hound, an orc priest and an orc.

Vanquished Creatures
  Grinder (D:3)
  A scorpion (D:4)
  5 adders
  A worm (D:3)
  2 dart slugs
  7 orcs
  6 bats
  13 endoplasms
  4 giant cockroaches
  10 hobgoblins
  A jackal (D:1)
  5 quokkas
  4 ball pythons
  3 goblins
  11 kobolds
  4 rats
78 creatures vanquished.

Notes
Turn   | Place    | Note
-------+----------+-------------------------------------------
     0 | D:1      | uselesstheremin the Troll Berserker began the quest for the
                  | Orb.
     0 | D:1      | Reached XP level 1. HP: 22/22 MP: 0/0
   172 | D:1      | Reached XP level 2. HP: 24/29 MP: 1/1
   629 | D:1      | Found Ridihas's Assorted Antiques.
   650 | D:1      | Reached XP level 3. HP: 36/36 MP: 2/2
   700 | D:2      | Found a faded altar of an unknown god.
   743 | D:2      | Reached ** piety under Trog
   893 | D:2      | Reached XP level 4. HP: 45/45 MP: 3/3
  1592 | D:3      | Found a shimmering altar of Xom.
  2083 | D:3      | Reached skill level 4 in Unarmed Combat
  2100 | D:3      | Identified the +0 leather armour "Vuxkom" {rN+}
  2108 | D:3      | Noticed Grinder
  2122 | D:3      | Killed Grinder
  2123 | D:3      | Reached skill level 5 in Unarmed Combat
  2123 | D:3      | Reached XP level 5. HP: 32/53 MP: 4/4
  2123 | D:3      | Reached XP level 6. HP: 36/61 MP: 5/5
  2642 | D:4      | Found a glowing silver altar of Zin.
  2650 | D:4      | Found a basalt altar of Yredelemnul.
  2990 | D:4      | Found a sacrificial altar of Ru.
  2995 | D:4      | Killed from afar by an orc priest

Illustrated notes

Levels and vault maps discovered:
D:1:      sevenhm_arrival_forest_fort_small_5, layout_rooms, serial_shops, shop,
          minmay_hexomino_u4
D:2:      layout_loops_corners, chequers_ecumenical_altar_simple
D:3:      layout_basic, mainiacjoe_overflow_paths, patterned_corridor,
          uniq_grinder
D:4:      layout_loops_cross, mainiacjoe_overflow_catwalk, minitemple

Skill      XL: |  1  2  3  4 |
---------------+-------------+-----
Fighting       | 3 |  3.1
Dodging        | 3 |  3.8
Unarmed Combat | 5 |  5.7
Stealth        | |  0.6

Action                   |  1- 3 |  4- 6 || total
-------------------------+-------+-------++-------
Melee: Unarmed           |    84 |    83 ||   167
       Punch             |       |     5 ||     5
Invok: Berserk           |     1 |       ||     1
Evoke: Wand              |       |     1 ||     1
Armor: Animal skin       |    34 |    14 ||    48
Dodge: Dodged            |    46 |    44 ||    90
